 Dungeon Crawl Stone Soup version 0.30-a0-1161-g0704695555 (webtiles) character file.

Game seed: 6217051800640860597

10204 kae the Transmogrifier (level 11, -6/84 HPs)
             Began as a Merfolk Transmuter on Apr 27, 2023.
             Was an Initiate of Ru.
             Killed from afar by an electric eel (12 damage)
             ... with a bolt of electricity
             ... on level 11 of the Dungeon.
             The game lasted 00:12:55 (12094 turns).

kae the Transmogrifier (Merfolk Transmuter)        Turns: 12094, Time: 00:12:56

Health: -6/84      AC:  5    Str: 12    XL:     11   Next: 58%
Magic:  23/25      EV: 15    Int: 16    God:    Ru [......]
Gold:   736        SH:  5    Dex: 14    Spells: 20/30 levels left

rFire   x .          .
                       - Unarmed
rCold   + + +        (shield currently unavailable)
rNeg    . . .        t - melded +2 swamp dragon scales
rPois   +            z - melded +2 hat
rElec   .            F - melded +1 cloak
rCorr   .            M - melded +0 pair of gloves {hurl}
SInv    .            i - melded +1 pair of boots
Will    +....        D - amulet of reflection
Stlth   +            E - +5 ring of evasion
HPRegen 0.34/turn    I - ring of willpower
MPRegen 0.19/turn

%: reflection
@: ice-form, corroded
A: freezing attack, boosted hp, large, (nimble swimmer 2), (mertail)
a: End Transformation, Renounce Religion, Sacrifice Love, Sacrifice Health,
Sacrifice Words, Reject Sacrifices


You were on level 11 of the Dungeon.
You worshipped Ru.
Ru was noncommittal.
You were a creature of crystalline ice.
You visited 1 branch of the dungeon, and saw 11 of its levels.
You also visited: Sewer and Ossuary.

You collected 944 gold pieces.
You spent 208 gold pieces at shops.


Innate Abilities, Weirdness & Mutations

You are a creature of crystalline ice.
You have a powerful freezing melee attack.
Your maximum health is increased.
Your armour is entirely melded.
You are incapable of wielding weapons or throwing items.
((You are very nimble when in or above water. (Stealth+, EV+, Speed+++)))
((Your lower body shifts to a powerful aquatic tail in water.))


   Skills:
 - Level 1.1 Fighting
 - Level 2.6 Dodging
 + Level 9.3 Unarmed Combat
 - Level 10.0 Spellcasting
 - Level 14.0 Transmutations
 - Level 6.0 Ice Magic
 - Level 2.0 Poison Magic


You had 20 spell levels left.
You knew the following spells:

 Your Spells              Type           Power      Damage    Failure   Level
a - Beastly Appendage     Tmut           100%       N/A       1%          1
b - Wereblood             Tmut           51%        N/A       1%          2
c - Spider Form           Tmut/Pois      33%        N/A       1%          3
d - Ice Form              Ice/Tmut       40%        N/A       1%          4

Your spell library contained the following spells:

 Spells                   Type           Power      Damage    Failure   Level
 Passwall                 Tmut/Erth      25%        N/A       1%          2
 Sandblast                Erth           16%        2d6       9%          1
 Stone Arrow              Conj/Erth      16%        3d8       26%         3

Inventory:

Hand Weapons
 C - a +1 morningstar of flaming
   (You took it off Maggie on level 7 of the Dungeon)
Missiles
 d - 17 stones
 l - 2 curare-tipped darts {=f}
Armour
 i - a +1 pair of boots (melded)
   (You found it on level 2 of the Dungeon)
 t - +2 swamp dragon scales (melded)
   (You took it off Maggie on level 7 of the Dungeon)
 z - a +2 hat (melded)
   (You found it on level 5 of the Dungeon)
 F - a +1 cloak (melded)
   (You took it off Crazy Yiuf on level 7 of the Dungeon)
 M - a +0 pair of gloves of hurling (melded)
   (You found it on level 9 of the Dungeon)
Jewellery
 D - an amulet of reflection (around neck)
   (You found it on level 6 of the Dungeon)
 E - a +5 ring of evasion (left front paw)
   (You found it on level 1 of the Dungeon)
 I - a ring of willpower (right front paw)
   (You found it in an ossuary)
 L - a ring of flight
   (You found it on level 11 of the Dungeon)
 P - a ring of willpower
   (You found it on level 8 of the Dungeon)
 S - a +6 ring of strength
   (You took it off a wight on level 8 of the Dungeon)
Wands
 k - a wand of charming (17)
   (You took it off Ijyb on level 3 of the Dungeon)
 m - a wand of roots (6)
   (You took it off Crazy Yiuf on level 7 of the Dungeon)
 G - a wand of acid (10)
   (You found it on level 7 of the Dungeon)
 N - a wand of digging (8)
   (You found it on level 11 of the Dungeon)
 O - a wand of polymorph (4)
   (You found it on level 11 of the Dungeon)
Scrolls
 a - 7 scrolls of immolation {!r!r}
 c - 7 scrolls of teleportation {@r4}
 n - 2 scrolls of butterflies
 o - a scroll of magic mapping {!r}
 q - 2 scrolls of vulnerability {!r!r}
 y - a scroll of identify {@r1}
 A - a scroll of blinking {!r}
 B - 2 scrolls of enchant armour
 J - 2 scrolls of fear
 K - a scroll of poison {!r}
Potions
 b - 3 potions of lignification {!q}
 e - 2 potions of might
 f - 3 potions of degeneration {!q}
 g - 4 potions of attraction {!q}
 h - 7 potions of curing {@q1}
 j - 2 potions of cancellation
 p - 5 potions of haste {@q3}
 r - 5 potions of flight
 s - 3 potions of mutation {!q}
 u - 3 potions of brilliance
 v - 2 potions of invisibility
 w - a potion of berserk rage {!q}
 x - a potion of magic
 H - a potion of resistance {unknown}

Dungeon Overview and Level Annotations

Branches:
Dungeon (11/15) Zot: 26508  Temple (0/1) D:7            Lair (0/5) D:8
  Sewer (visited)         Ossuary (visited)
    Orc: D:9-12

Altars:
Gozag
Hepliaklqana
Makhleb
Nemelex Xobeh
Okawaru
Ru
Sif Muna
Uskayaw
Wu Jian
Xom
Zin

Shops:
D:5 *   D:6 :   D:9 ?   D:11 :

Annotations:
D:7 1 transporter, Mesmaeker13's ghost, novice KoNe
D:9 1 transporter

.....####8.# #...# #
.....###...###...# #
......†8.<.8##..)# #
####..[.......... #.# #
#...8.∩.8.#.# ### ##.#.##
#.........#.####≈≈## ###≈....'
#...8.>.8##.#≈≈≈≈≈≈###≈≈~~≈###
#.......###≈≈≈≈≈≈≈≈≈≈≈≈≈≈≈≈≈##
#.....8###≈≈≈YS≈≈≈≈≈≈≈≈≈≈≈≈≈≈#
#....~.#≈≈#≈≈S≈≈≈≈≈≈≈≈≈≈≈≈≈≈≈≈
#...≈~≈≈≈≈≈≈≈≈≈~≈≈≈≈≈ ≈#≈≈≈≈≈
###≈~≈≈≈≈≈≈≈≈##≈..≈≈≈≈ #~≈~≈≈
#≈≈≈≈≈≈≈≈≈≈≈#≈# ##.##~ #..~≈≈
≈≈≈≈≈≈≈≈≈≈≈≈≈###
#.##.####..#≈≈ ≈≈≈≈≈≈≈≈≈≈≈~##
.......#..### ≈≈≈≈≈≈≈#≈≈#...
..#......# ≈≈≈≈≈≈#########
#.#.#.##.#


You could see 2 electric eels.


Message History

Your transformation is almost over.
L - a ring of flight;
P - a ring of willpower
b - 3 potions of lignification {!q} (gained 1)
You warm up again.
Your +1 cloak unmelds from your body.
Your +2 hat unmelds from your body.
Your +0 pair of gloves of hurling unmelds from your body.
Your +1 pair of boots unmelds from your body.
Your +2 swamp dragon scales unmelds from your body.
You feel that your aim is more steady. 😎 HP[-5] MP[+2]
You now have 70 max hp (-14).
Your mp is fully restored (25).
Things that are here:
a +0 troll leather armour; a troll corpse
There is an entrance to Nidotali's Book Shoppe here.
Search for what [Enter for "transm", or ? for help]? transm
N - a wand of digging (8) (gained 1 charge)
Your legs become a tail as you enter the water.
Your +1 pair of boots melds into your body.
An acid dragon comes into view.
Unknown command.
An acid dragon is nearby!
An acid dragon is nearby!
An acid dragon is nearby!
Casting: Ice Form (dangerous; 3% risk of failure)
Confirm with . or Enter, or press ? or * to list all spells.
Your +1 pair of boots unmelds from your body.
You turn into a creature of crystalline ice.
Your +1 cloak melds into your body.
Your +2 hat melds into your body.
Your +0 pair of gloves of hurling melds into your body.
Your +1 pair of boots melds into your body.
Your +2 swamp dragon scales melds into your body.
Your aim is not that steady anymore.
The acid dragon roars! 😎 HP[+14] MP[-4]
You now have 84 max hp (+14).
Your hp is fully restored (84).
You lost 4 mp, and now have 21/25 mp.
No target in view!
No target in view!
No target in view!
No target in view!
An acid dragon and an electric eel come into view.
The acid dragon spits acid at you. The splash of acid hits you!
The acid corrodes you!
An electric eel comes into view.
The acid dragon bites you!
You block the acid dragon's attack. 😮 HP[-27]
You take 27 damage, and now have 57/84 hp.
MASSIVE DAMAGE!! (PAUSE)
You barely miss the acid dragon. 😮 HP[+1] MP[+1] Unknown command.
You hit the acid dragon but do no damage.
The acid dragon closely misses you. x2
You punch the acid dragon! You freeze the acid dragon.
The electric eel shoots out a bolt of lightning at you!
The bolt of electricity hits you! The acid dragon barely misses you.
The acid dragon closely misses you. 😮 HP[-12]
You take 12 damage, and now have 46/84 hp.
Unknown command.
You pummel the acid dragon!! You freeze the acid dragon.
You kill the acid dragon!
The electric eel shoots out a bolt of lightning at you!
The bolt of electricity hits you!
* * * LOW HITPOINT WARNING * * *
😨 HP[-13]
You take 13 damage, and now have 33/84 hp.
The electric eel shoots out a bolt of lightning at you!
The bolt of electricity hits you!
* * * LOW HITPOINT WARNING * * *
The bolt of electricity hits you.
* * * LOW HITPOINT WARNING * * *
You see here an acid dragon corpse. 😨 HP[-11]
You take 11 damage, and now have 22/84 hp.
You barely miss the electric eel.
The electric eel shoots out a bolt of lightning at you!
The bolt of electricity misses you. 😨 MP[+1] Unknown command.
You barely miss the electric eel. You completely miss the electric eel.
The electric eel shoots out a bolt of lightning at you!
The bolt of electricity hits you!
* * * LOW HITPOINT WARNING * * *
😱 HP[-12]
You take 12 damage, and now have 10/84 hp.
Unknown command.
You hit the electric eel.
The electric eel seems to slow down.
You freeze the electric eel.
You hit the electric eel but do no damage.
The electric eel is no longer moving slowly.
You barely miss the electric eel.
The electric eel shoots out a bolt of lightning at you!
The bolt of electricity hits you.
* * * LOW HITPOINT WARNING * * *
The bolt of electricity misses you.
The electric eel shoots out a bolt of lightning at you!
The bolt of electricity hits you!
You die...

Skill      XL: |  1  2  3  4  5  6  7  8  9 10 11 |
---------------+----------------------------------+-----
Transmutations | 3 4 5 6 8 10 12 14 | 14.0
Poison Magic   | 1 2 |  2.0
Spellcasting   | 3 4 5 7 9 10 | 10.0
Unarmed Combat | 4 5 6 8 9 |  9.3
Ice Magic      | 2 3 5 6 |  6.0
Fighting       | |  1.1
Dodging        | |  2.6

Action                     |  1- 3 |  4- 6 |  7- 9 | 10-12 || total
---------------------------+-------+-------+-------+-------++-------
  Melee: Unarmed           |   106 |   273 |   255 |   319 ||   953
         Headbutt          |    15 |    13 |       |       ||    28
         Punch             |     1 |     1 |       |       ||     2
         Tailslap          |     1 |       |       |       ||     1
   Cast: Beastly Appendage |    21 |    26 |       |       ||    47
         Wereblood         |       |     4 |     8 |    13 ||    25
         Spider Form       |       |    26 |     7 |       ||    33
         Ice Form          |       |       |    22 |    37 ||    59
Ability: End Transformatio |       |       |     1 |     1 ||     2
    Use: Scroll            |     4 |     7 |     7 |     8 ||    26
         Potion            |       |     1 |     1 |     1 ||     3
   Stab: Sleeping          |     1 |     2 |       |     1 ||     4
 Armour: Robe              |    13 |    17 |     4 |       ||    34
         Skin              |       |     2 |    55 |    63 ||   120
         Swamp dragon scal |       |       |       |     3 ||     3
  Dodge: Dodged            |    59 |   235 |   196 |   184 ||   674
  Block: Other             |       |       |     7 |    69 ||    76
         Reflection        |       |       |       |     5 ||     5

Levels and vault maps discovered:
D:1:      dpeg_arrival_connections, layout_basic, shapermc_ecumenical_altar_gd,
          minmay_misc_feat_x, chequers_big_river,
          nicolae_kite_square_tiling_tiny, minmay_tromino_v4_a
D:2:      layout_basic
D:3:      layout_loops_corners, chequers_serial_rivers_micro_e,
          kennysheep_decorative_pillar, uniq_ijyb
D:4:      layout_basic, mainiacjoe_overflow_surrounded_room,
          portal_sewer_entry_c, lemuel_flame_loot_1
D:5:      layout_basic, nicolae_shop_gadgets
D:6:      layout_cave_pools, grunt_gozag_breadcrumbs,
          nicolae_shop_i_like_big_books, kennysheep_generic_room_14
D:7:      layout_cave_pools, amcnicky_altar_gilded, kennysheep_little_box,
          nemelex_dance_club_becter, minmay_temple_entry_from_below_a,
          gammafunk_ghost_smash, uniq_maggie, uniq_crazy_yiuf_cottage,
          uniq_joseph
D:8:      layout_basic, mainiacjoe_overflow_divided_tiny,
          due_lair_maze_entry_diamond, lightli_ossuary_entry_decrepit_ruins,
          uniq_pikel
D:9:      gammafunk_corrupted_shrine, layout_grid_maze, kennysheep_mini,
          hangedman_ru_absence, serial_shops, nicolae_shop_rolled_up,
          amethyst_killhole, grunt_ministairs_12
D:10:     layout_rooms, lemuel_doored_altar, mainiacjoe_overflow_alcove_4,
          uniq_lodul
D:11:     layout_basic, nicolae_stop_n_shop_2

Notes
Turn   | Place    | Note
-------+----------+-------------------------------------------
     0 | D:1      | kae the Merfolk Transmuter began the quest for the Orb.
     0 | D:1      | Reached XP level 1. HP: 15/15 MP: 3/3
     0 | D:1      | magus.rc [v1.11.3]
    51 | D:1      | Reached skill level 3 in Transmutations
    51 | D:1      | Reached XP level 2. HP: 21/21 MP: 3/5
    55 | D:1      | Reached skill level 1 in Poison Magic
   311 | D:1      | Reached XP level 3. HP: 10/26 MP: 4/6
   314 | D:1      | Learned a level 2 spell: Wereblood
   318 | D:1      | Learned a level 3 spell: Spider Form
   460 | D:1      | Found a faded altar of an unknown god.
  1284 | D:2      | Reached XP level 4. HP: 31/32 MP: 6/8
  1401 | D:2      | Reached skill level 2 in Poison Magic
  1619 | D:2      | Reached skill level 4 in Transmutations
  2121 | D:3      | Reached skill level 3 in Spellcasting
  2447 | D:3      | Reached XP level 5. HP: 37/37 MP: 7/9
  2587 | D:3      | HP: 8/37 [white imp/puff of frost (7)]
  2766 | D:3      | Noticed Ijyb
  2776 | D:3      | Killed Ijyb
  3092 | D:3      | Learned a level 4 spell: Ice Form
  3169 | D:4      | Found a glowing drain.
  3206 | D:4      | Found a shimmering blue altar of Sif Muna.
  3240 | D:4      | Reached skill level 4 in Unarmed Combat
  3240 | D:4      | Reached skill level 5 in Transmutations
  3266 | D:4      | Reached XP level 6. HP: 23/43 MP: 8/11
  3284 | D:4      | Reached skill level 1 in Ice Magic
  3291 | Sewer    | Entered a sewer
  3883 | D:4      | Reached skill level 4 in Spellcasting
  4095 | D:4      | Reached skill level 2 in Ice Magic
  4576 | D:5      | Entered Level 5 of the Dungeon
  4587 | D:5      | Reached XP level 7. HP: 46/48 MP: 9/13
  4751 | D:5      | HP: 12/48 [orc/+0 short sword (2)]
  4762 | D:5      | Reached skill level 6 in Transmutations
  4915 | D:5      | Reached skill level 3 in Ice Magic
  5016 | D:5      | Reached XP level 8. HP: 50/54 MP: 10/15
  5148 | D:5      | Reached skill level 5 in Unarmed Combat
  5148 | D:5      | Reached skill level 5 in Spellcasting
  5148 | D:5      | Reached skill level 7 in Transmutations
  5148 | D:5      | Reached skill level 4 in Ice Magic
  5505 | D:5      | Found Jebeol's Gadget Gallery.
  5583 | D:5      | HP: 14/64 [something (3)]
  5971 | D:5      | Found Jebeol's Gadget Gallery.
  6307 | D:6      | Reached skill level 8 in Transmutations
  6307 | D:6      | Reached skill level 5 in Ice Magic
  6339 | D:6      | Found an opulent altar of Gozag.
  6471 | D:6      | Found Muibown's Tremendous Tomes.
  6618 | D:6      | Reached XP level 9. HP: 59/59 MP: 13/17
  6629 | D:6      | Reached skill level 6 in Spellcasting
  6910 | D:7      | Noticed Maggie
  6929 | D:7      | Killed Maggie
  6930 | D:7      | Reached skill level 9 in Transmutations
  6930 | D:7      | Reached skill level 6 in Ice Magic
  7083 | D:7      | Reached skill level 6 in Unarmed Combat
  7369 | D:7      | Found an iron altar of Okawaru.
  7397 | D:7      | Found a shimmering altar of Xom.
  7536 | D:7      | Reached skill level 10 in Transmutations
  7551 | D:7      | Found a staircase to the Ecumenical Temple.
  7585 | D:7      | Reached skill level 7 in Spellcasting
  7644 | D:7      | Found a runed translucent door.
  7645 | D:7      | Noticed Crazy Yiuf
  7762 | D:7      | Found a transporter.
  7764 | D:7      | Noticed Mesmaeker13's ghost (novice KoNe)
  7809 | D:7      | Noticed Joseph
  7826 | D:7      | Killed Joseph
  7827 | D:7      | Reached XP level 10. HP: 36/65 MP: 15/21
  7951 | D:7      | Reached skill level 11 in Transmutations
  7990 | D:7      | Found a sparkling altar of Nemelex Xobeh.
  7998 | D:7      | Reached skill level 7 in Unarmed Combat
  8131 | D:7      | Killed Crazy Yiuf
  8271 | D:8      | Reached skill level 8 in Spellcasting
  8321 | D:8      | Found a sand-covered staircase.
  8346 | Ossuary  | Entered an ossuary
  8808 | Ossuary  | Reached skill level 12 in Transmutations
  9085 | D:8      | HP: 19/78 [yak (5)]
  9097 | D:8      | HP: 12/78 [yak (10)]
  9106 | D:8      | HP: 17/78 [yak (6)]
  9378 | D:8      | Noticed Pikel
  9390 | D:8      | Reached skill level 9 in Spellcasting
  9400 | D:8      | Killed Pikel
  9401 | D:8      | Reached skill level 8 in Unarmed Combat
  9401 | D:8      | Reached XP level 11. HP: 70/70 MP: 19/24
  9438 | D:8      | Found a staircase to the Lair.
  9513 | D:8      | Found a hide-covered altar of Uskayaw.
  9513 | D:8      | Found an ornate altar of the Wu Jian Council.
  9543 | D:8      | Reached skill level 13 in Transmutations
  9548 | D:8      | HP: 18/84 [yak (8)]
  9989 | D:9      | Found a sacrificial altar of Ru.
 10135 | D:9      | Became a worshipper of Ru the Awakened
 10451 | D:9      | Found a glowing silver altar of Zin.
 10665 | D:9      | Found a transporter.
 10669 | D:9      | Noticed a purple ugly thing
 10857 | D:9      | Found Qeafedit's Magic Scroll Shoppe.
 10860 | D:9      | Bought a scroll of magic mapping for 82 gold pieces
 10860 | D:9      | Bought a scroll of identify for 22 gold pieces
 10860 | D:9      | Bought a scroll of identify for 22 gold pieces
 10860 | D:9      | Bought a scroll of blinking for 82 gold pieces
 10910 | D:10     | Entered Level 10 of the Dungeon
 10990 | D:10     | Noticed Lodul
 11020 | D:10     | Killed Lodul
 11170 | D:10     | Found a burning altar of Makhleb.
 11538 | D:10     | Found a hazy altar of Hepliaklqana.
 11606 | D:11     | You pick up a book of Geomancy and begin reading...
 11606 | D:11     | You add the spells Sandblast, Passwall and Stone Arrow to
                  | your library.
 11789 | D:11     | Reached skill level 10 in Spellcasting
 11965 | D:11     | Noticed a manticore
 11984 | D:11     | Killed a manticore
 11985 | D:11     | Reached skill level 9 in Unarmed Combat
 11985 | D:11     | Reached skill level 14 in Transmutations
 12027 | D:11     | Found Nidotali's Book Shoppe.
 12091 | D:11     | HP: 10/84 [electric eel/bolt of electricity (13)]
 12094 | D:11     | Killed from afar by an electric eel

Vanquished Creatures
  Lodul (D:10)
  Pikel (D:8)
  A manticore (D:11)
  Joseph (D:7)
  Maggie (D:7)
  A troll (D:11)
  A shadow (D:10)
  A water elemental (D:11)
  A wyvern (D:9)
  A steam dragon (D:8)
  9 yaks (D:8)
  3 water moccasins
  3 acid dragons
  4 orc warriors
  5 black bears
  3 ice beasts
  A sky beast (D:7)
  7 ogres
  2 phantoms
  2 centaurs
  A kobold brigand (D:8)
  2 bullfrogs (D:8)
  11 scorpions
  2 gnoll sergeants (D:10)
  9 wights
  6 killer bees (D:10)
  5 howler monkeys
  3 centaur zombies (Ossuary)
  5 orc priests
  Crazy Yiuf (D:7)
  A human zombie (Ossuary)
  A sleepcap (D:6)
  7 hounds
  A gnoll bouda (D:7)
  7 orc wizards
  6 iguanas
  5 scorpion zombies (Ossuary)
  Ijyb (D:3)
  3 mummies (Ossuary)
  4 adders
  20 gnolls
  7 river rats
  A shadow imp (D:8)
  2 white imps
  An ufetubus (D:5)
  4 dart slugs
  22 orcs
  9 ball pythons
  8 endoplasms
  3 giant cockroaches
  3 gnoll zombies (Ossuary)
  9 hobgoblins
  6 jackals
  9 kobolds
  6 quokkas
  5 bats
  8 frilled lizards
  13 goblins
  4 hobgoblin zombies (Ossuary)
  A kobold zombie (Ossuary)
  3 orc zombies (Ossuary)
  16 rats
290 creatures vanquished.

Vanquished Creatures (others)
  A centaur (D:8)
  2 demonic plants (D:1)
  35 fungi
  34 plants
72 creatures vanquished.

Grand Total: 362 creatures vanquished

Table legend:
 A = Non-vault XP
 B = Vault XP
 C = Vault XP percentage of total XP
 D = Non-vault monster count
 E = Vault monster count
 F = Vault count percentage of total count
                 A         B        C        D         E       F
            +---------+---------+-------+---------+---------+-------
      Total |    8958 |    5620 |  38.6 |     208 |      83 |  28.5
            +---------+---------+-------+---------+---------+-------
        D:1 |      66 |       7 |   9.6 |      29 |       4 |  12.1
        D:2 |      49 |       0 |   0.0 |      22 |       0 |   0.0
        D:3 |     120 |      33 |  21.6 |      24 |       1 |   4.0
        D:4 |     228 |      18 |   7.3 |      20 |       5 |  20.0
        D:5 |    1231 |       0 |   0.0 |      25 |       0 |   0.0
        D:6 |    1060 |       0 |   0.0 |      18 |       0 |   0.0
        D:7 |    1250 |    1087 |  46.5 |      20 |       5 |  20.0
        D:8 |    2104 |    1724 |  45.0 |      20 |      10 |  33.3
        D:9 |     436 |       0 |   0.0 |       5 |       0 |   0.0
       D:10 |     952 |    1467 |  60.6 |      17 |       7 |  29.2
       D:11 |    1462 |       0 |   0.0 |       8 |       0 |   0.0
      Sewer |       0 |      94 | 100.0 |       0 |      19 | 100.0
    Ossuary |       0 |    1190 | 100.0 |       0 |      32 | 100.0
            +---------+---------+-------+---------+---------+-------

Skill      XL: |  1  2  3  4  5  6  7  8  9 10 11 |
---------------+----------------------------------+-----
Transmutations | 3 4 5 6 8 10 12 14 | 14.0
Poison Magic   | 1 2 |  2.0
Spellcasting   | 3 4 5 7 9 10 | 10.0
Unarmed Combat | 4 5 6 8 9 |  9.3
Ice Magic      | 2 3 5 6 |  6.0
Fighting       | |  1.1
Dodging        | |  2.6

Action                     |  1- 3 |  4- 6 |  7- 9 | 10-12 || total
---------------------------+-------+-------+-------+-------++-------
  Melee: Unarmed           |   106 |   273 |   255 |   319 ||   953
         Headbutt          |    15 |    13 |       |       ||    28
         Punch             |     1 |     1 |       |       ||     2
         Tailslap          |     1 |       |       |       ||     1
   Cast: Beastly Appendage |    21 |    26 |       |       ||    47
         Wereblood         |       |     4 |     8 |    13 ||    25
         Spider Form       |       |    26 |     7 |       ||    33
         Ice Form          |       |       |    22 |    37 ||    59
Ability: End Transformatio |       |       |     1 |     1 ||     2
    Use: Scroll            |     4 |     7 |     7 |     8 ||    26
         Potion            |       |     1 |     1 |     1 ||     3
   Stab: Sleeping          |     1 |     2 |       |     1 ||     4
 Armour: Robe              |    13 |    17 |     4 |       ||    34
         Skin              |       |     2 |    55 |    63 ||   120
         Swamp dragon scal |       |       |       |     3 ||     3
  Dodge: Dodged            |    59 |   235 |   196 |   184 ||   674
  Block: Other             |       |       |     7 |    69 ||    76
         Reflection        |       |       |       |     5 ||     5

Illustrated notes

Table legend:
 A = Kills in this place as a percentage of kills in the entire game.
 B = Kills by you in this place as a percentage of kills by you in the entire game.
 C = Kills by friends in this place as a percentage of kills by friends in the entire game.
 D = Other kills in this place as a percentage of other kills in the entire game.
 E = Experience gained in this place as a percentage of experience gained in the entire game.
 F = Experience gained in this place divided by the number of levels of this place that you have seen.
                   A       B       C       D       E      F
               +-------+-------+-------+-------+-------+----------------------
         Total | 100.0 | 100.0 |   N/A | 100.0 | 100.0 | 1121.4
       Dungeon |  82.5 |  82.4 |   N/A | 100.0 |  91.2 | 1208.5
         Sewer |   6.5 |   6.6 |   N/A |   0.0 |   0.6 |  94.0
       Ossuary |  11.0 |  11.0 |   N/A |   0.0 |   8.2 | 1190.0
               +-------+-------+-------+-------+-------+----------------------

Table legend: (Time is in decaauts)
 A = Elapsed time spent in this place.
 B = Non-inter-level travel time spent in this place.
 C = Inter-level travel time spent in this place.
 D = Time resting spent in this place.
 E = Time spent auto-exploring this place.
 F = Levels seen in this place.
 G = Mean time per level.
                   A        B        C        D        E       F      G
               +--------+--------+--------+--------+--------+-----+--------+
         Total |  11941 |  11604 |    337 |    229 |   8965 |  13 |  918.5 |
       Dungeon |  10859 |  10522 |    337 |    222 |   8242 |  11 |  987.2 |
         Sewer |    519 |    519 |      0 |      7 |    362 |   1 |  519.0 |
       Ossuary |    562 |    562 |      0 |      0 |    360 |   1 |  562.0 |
               +--------+--------+--------+--------+--------+-----+--------+

Top non-repeatable levels by time:
     D:5: 1687 daAuts
     D:8: 1206 daAuts
     D:1: 1167 daAuts
     D:3: 1084 daAuts
     D:7: 1075 daAuts
     D:9: 918 daAuts
     D:4: 909 daAuts
     D:6: 830 daAuts
     D:2: 812 daAuts
    D:10: 676 daAuts
 Ossuary: 562 daAuts
   Sewer: 519 daAuts
    D:11: 490 daAuts
